 Dungeon Crawl Stone Soup version 0.30-a0-2-gf48d83f5e2 (webtiles) character file.

Game seed: 8986305153134885525

392 themarg the Insei (level 6, -4/47 HPs)
             Began as a Gnoll Transmuter on Aug 20, 2022.
             Was a Believer of Makhleb.
             Slain by an ogre
             ... wielding a +0 giant club
              (11 damage)
             ... on level 4 of the Dungeon.
             The game lasted 00:11:18 (3429 turns).

themarg the Insei (Gnoll Transmuter)                Turns: 3429, Time: 00:11:19

Health: -4/47      AC: 10    Str: 10    XL:     6   Next: 81%
Magic:  13/14      EV: 13    Int: 14    God:    Makhleb [**....]
Gold:   201        SH:  0    Dex: 12    Spells: 9/15 levels left

rFire   . . .      SeeInvis .    k - +1 short sword (protect)
rCold   . . .      Faith    .    (no shield)
rNeg    . . .      Spirit   .    a - +0 robe
rPois   .          Reflect  .    o - +0 helmet
rElec   .          Harm     .    (no cloak)
rCorr   .          Rampage  .    (no gloves)
Will    .....                    (no boots)
Stlth   ++........               (no amulet)
HPRegen 0.15/turn                (no ring)
MPRegen 0.14/turn                (no ring)

@: under a protective aura
A: fangs 1, strong nose, distributed training
a: Renounce Religion, Minor Destruction


You were on level 4 of the Dungeon.
You worshipped Makhleb.
Makhleb was pleased with you.
You visited 1 branch of the dungeon, and saw 4 of its levels.

You collected 201 gold pieces.

Inventory:

Hand Weapons
 k - a +1 short sword of protection (weapon)
Missiles
 l - 11 poisoned darts
Armour
 a - a +0 robe (worn)
 o - a +0 helmet (worn)
Wands
 n - a wand of polymorph (11)
Scrolls
 c - a scroll of blinking
 d - a scroll of enchant weapon {unknown}
 g - a scroll of teleportation {unknown}
 j - 2 scrolls of immolation
 m - a scroll of butterflies {unknown}
 q - a scroll of identify {unknown}
 r - 2 scrolls of fear
Potions
 b - a potion of lignification
 e - 2 potions of heal wounds {unknown}
 f - a potion of flight {unknown}
 h - 3 potions of curing {unknown}
 i - 3 potions of mutation {unknown}
 p - a potion of degeneration {unknown}
 s - 2 potions of attraction {unknown}


   Skills:
 + Level 3.4 Fighting
 + Level 2.2 Short Blades
 + Level 2.2 Long Blades
 + Level 2.2 Axes
 + Level 2.2 Maces & Flails
 + Level 2.2 Polearms
 + Level 2.2 Staves
 + Level 2.2 Ranged Weapons
 + Level 2.2 Throwing
 + Level 2.2 Armour
 + Level 5.1 Dodging
 + Level 2.2 Stealth
 + Level 2.2 Shields
 + Level 6.9 Unarmed Combat
 + Level 5.4 Spellcasting
 + Level 1.7 Conjurations
 + Level 1.7 Hexes
 + Level 1.7 Summonings
 + Level 1.7 Necromancy
 + Level 1.7 Translocations
 + Level 4.2 Transmutations
 + Level 1.7 Fire Magic
 + Level 1.7 Ice Magic
 + Level 1.7 Air Magic
 + Level 1.7 Earth Magic
 + Level 1.7 Poison Magic
 + Level 2.4 Invocations
 + Level 2.2 Evocations


You had 9 spell levels left.
You knew the following spells:

 Your Spells              Type           Power      Damage    Failure   Level
a - Beastly Appendage     Tmut           30%        N/A       3%          1
b - Wereblood             Tmut           15%        N/A       4%          2
c - Spider Form           Tmut/Pois      12%        N/A       14%         3

Your spell library contained the following spells:

 Spells                   Type           Power      Damage    Failure   Level
 Ignite Poison            Fire/Tmut/Pois 11%        N/A       17%         3
 Mephitic Cloud           Conj/Pois/Air  8%         N/A       24%         3
 Ice Form                 Ice/Tmut       12%        N/A       43%         4
 Freezing Cloud           Conj/Ice/Air   4%         6-21      92%         5


Dungeon Overview and Level Annotations

Branches:
Dungeon (4/15)
 Temple: D:4-7

Altars:
Ashenzari
Makhleb


Innate Abilities, Weirdness & Mutations

You have very sharp teeth.
Your uncanny sense of smell can sniff out nearby items.
Your experience applies equally to all skills.


Message History

You barely miss the kobold.
A dart slug comes into view.
The kobold misses you.
You hit the kobold but do no damage.
The kobold is poisoned.
The kobold hits you but does no damage.
You closely miss the kobold.
The kobold is moderately wounded.
The kobold completely misses you. The ogre closely misses you.
You hit the kobold but do no damage.
The kobold looks even sicker.
The kobold is moderately wounded.
You hit the kobold.
You kill the kobold!
Makhleb accepts your kill.
The ogre hits you with a +0 giant club!!
Ouch! That really hurt!
You bite the ogre!
The ogre is moderately wounded.
Your transformation has ended.
Your +1 short sword of protection unmelds from your body.
Your +0 helmet unmelds from your body.
Your +0 robe unmelds from your body.
Your +1 short sword of protection hums with potential!
You hit the ogre.
Your weapon exudes an aura of protection.
The ogre is heavily wounded.
The ogre completely misses you. The dart slug launches a dart at you.
The slug dart hits you but does no damage.
You hit the ogre.
The ogre is heavily wounded.
The ogre hits you with a +0 giant club!
* * * LOW HITPOINT WARNING * * *
You hit the ogre.
The ogre is severely wounded.
You barely miss the ogre.
The ogre is severely wounded.
The ogre closely misses you. The dart slug closely misses you.
You barely miss the ogre. You bite the ogre, but do no damage.
The ogre is severely wounded.
The ogre hits you with a +0 giant club!
You die...

### #..
#.. .. #.
# #.## .##
#.w# ...#
#@##...##
#.O.....#
##........
#<.##.....
#.## #....
#.## ....
#. ... ##
..


You could see an ogre and a dart slug.

Vanquished Creatures
  Sigmund (D:3)
  The ghost of freelancePsychic the Vexing, an amateur DEAM of Ru (D:3)
  2 orc wizards (D:3)
  Robin (D:3)
  3 adders
  A worm (D:3)
  2 dart slugs (D:2)
  3 orcs (D:3)
  8 ball pythons
  4 bats
  8 endoplasms
  2 giant cockroaches (D:2)
  17 goblins
  6 hobgoblins
  6 kobolds
  5 quokkas
  4 frilled lizards
  4 rats
78 creatures vanquished.

Notes
Turn   | Place    | Note
-------+----------+-------------------------------------------
     0 | D:1      | themarg the Gnoll Transmuter began the quest for the Orb.
     0 | D:1      | Reached XP level 1. HP: 17/17 MP: 6/6
   270 | D:1      | Reached XP level 2. HP: 20/23 MP: 7/7
   273 | D:1      | Learned a level 2 spell: Wereblood
   790 | D:1      | Reached skill level 5 in Spellcasting
   790 | D:1      | Reached XP level 3. HP: 27/28 MP: 6/9
  1174 | D:2      | Reached skill level 1 in Invocations
  1264 | D:2      | Reached skill level 1 in Short Blades
  1264 | D:2      | Reached skill level 1 in Long Blades
  1264 | D:2      | Reached skill level 1 in Axes
  1264 | D:2      | Reached skill level 1 in Maces & Flails
  1264 | D:2      | Reached skill level 1 in Polearms
  1264 | D:2      | Reached skill level 1 in Staves
  1264 | D:2      | Reached skill level 1 in Ranged Weapons
  1264 | D:2      | Reached skill level 1 in Throwing
  1264 | D:2      | Reached skill level 1 in Armour
  1264 | D:2      | Reached skill level 1 in Stealth
  1264 | D:2      | Reached skill level 1 in Shields
  1264 | D:2      | Reached skill level 1 in Evocations
  1488 | D:2      | Found a faded altar of an unknown god.
  1498 | D:2      | Prayed at the altar of an unknown god.
  1498 | D:2      | Became a worshipper of Makhleb the Destroyer
  1498 | D:2      | Reached * piety under Makhleb
  1786 | D:2      | Reached XP level 4. HP: 31/34 MP: 9/11
  1790 | D:2      | Learned a level 3 spell: Spider Form
  2081 | D:3      | Noticed Robin
  2105 | D:3      | Killed Robin
  2107 | D:3      | Reached skill level 1 in Conjurations
  2107 | D:3      | Reached skill level 1 in Hexes
  2107 | D:3      | Reached skill level 1 in Summonings
  2107 | D:3      | Reached skill level 1 in Necromancy
  2107 | D:3      | Reached skill level 1 in Translocations
  2107 | D:3      | Reached skill level 1 in Fire Magic
  2107 | D:3      | Reached skill level 1 in Ice Magic
  2107 | D:3      | Reached skill level 1 in Air Magic
  2107 | D:3      | Reached skill level 1 in Earth Magic
  2107 | D:3      | Reached skill level 1 in Poison Magic
  2306 | D:3      | Reached XP level 5. HP: 26/40 MP: 10/12
  2320 | D:3      | Reached ** piety under Makhleb
  2591 | D:3      | Found a broken altar of Ashenzari.
  2706 | D:3      | Found a burning altar of Makhleb.
  2729 | D:3      | Noticed Sigmund
  2739 | D:3      | Killed Sigmund
  2740 | D:3      | Reached skill level 5 in Dodging
  2740 | D:3      | Reached XP level 6. HP: 23/47 MP: 11/14
  3108 | D:3      | Found a runed translucent gate.
  3109 | D:3      | Found a runed translucent gate.
  3109 | D:3      | Noticed freelancePsychic's ghost (amateur DEAM)
  3111 | D:3      | Found a runed translucent gate.
  3372 | D:3      | Killed freelancePsychic's ghost
  3429 | D:4      | Slain by an ogre

Illustrated notes

Levels and vault maps discovered:
D:1:      doesnt_arrival_eight_statues, layout_basic, minmay_crystal_room
D:2:      layout_loops_ring, shapermc_ecumenical_altar_pompeii
D:3:      layout_loops_ring, evilmike_ruin_ashenzari, bloody_makhleb,
          gammafunk_ghost_split, grunt_decor_resistance, eino_tiny_chamber,
          uniq_robin, uniq_sigmund
D:4:      layout_layer_cave, tso_altar

Skill      XL: |  1  2  3  4  5 |
---------------+----------------+-----
Spellcasting   | 5 |  5.4
Invocations    | 1 2 |  2.4
Short Blades   | 1 2 |  2.2
Long Blades    | 1 2 |  2.2
Axes           | 1 2 |  2.2
Maces & Flails | 1 2 |  2.2
Polearms       | 1 2 |  2.2
Staves         | 1 2 |  2.2
Ranged Weapons | 1 2 |  2.2
Throwing       | 1 2 |  2.2
Armour         | 1 2 |  2.2
Stealth        | 1 2 |  2.2
Shields        | 1 2 |  2.2
Evocations     | 1 2 |  2.2
Conjurations   | 1 |  1.7
Hexes          | 1 |  1.7
Summonings     | 1 |  1.7
Necromancy     | 1 |  1.7
Translocations | 1 |  1.7
Fire Magic     | 1 |  1.7
Ice Magic      | 1 |  1.7
Air Magic      | 1 |  1.7
Earth Magic    | 1 |  1.7
Poison Magic   | 1 |  1.7
Fighting       | 3 |  3.4
Transmutations | 4 |  4.2
Dodging        | 5 |  5.1
Unarmed Combat | |  6.9

Action                   |  1- 3 |  4- 6 || total
-------------------------+-------+-------++-------
Melee: Short sword       |    86 |   107 ||   193
       Kick              |    22 |    14 ||    36
       Headbutt          |     8 |    10 ||    18
       Bite              |     5 |     6 ||    11
       Unarmed           |     1 |    23 ||    24
       Punch             |     3 |     2 ||     5
 Cast: Beastly Appendage |    24 |    12 ||    36
       Wereblood         |     3 |     3 ||     6
       Spider Form       |       |     4 ||     4
  Use: Scroll            |       |     3 ||     3
 Stab: Sleeping          |     2 |       ||     2
Armor: Robe              |    13 |    63 ||    76
       Skin              |       |     2 ||     2
Dodge: Dodged            |    64 |   136 ||   200

Table legend: (Time is in decaauts)
 A = Elapsed time spent in this place.
 B = Non-inter-level travel time spent in this place.
 C = Inter-level travel time spent in this place.
 D = Time resting spent in this place.
 E = Time spent auto-exploring this place.
 F = Levels seen in this place.
 G = Mean time per level.
                   A        B        C        D        E       F      G
               +--------+--------+--------+--------+--------+-----+--------+
         Total |   3459 |   3399 |     60 |    748 |   1921 |   4 |  864.8 |
       Dungeon |   3459 |   3399 |     60 |    748 |   1921 |   4 |  864.8 |
               +--------+--------+--------+--------+--------+-----+--------+

Top non-repeatable levels by time:
     D:3: 1330 daAuts
     D:1: 1095 daAuts
     D:2: 1010 daAuts
     D:4: 22 daAuts
